 Dungeon Crawl Stone Soup version 0.30-a0-365-ge7f957f1db (webtiles) character file.

Game seed: 13669119684911657828

19245 Hubris850 the Frost Mage (level 12, -5/99 HPs)
             Began as a Merfolk Gladiator on Nov 17, 2022.
             Was an Initiate of Gozag.
             Slain by an elephant (15 damage)
             ... on level 2 of the Lair of Beasts.
             The game lasted 00:45:47 (11261 turns).

Hubris850 the Frost Mage (Merfolk Gladiator)       Turns: 11261, Time: 00:45:48

Health: -5/99      AC:  7    Str: 18    XL:     12   Next: 67%
Magic:  17/22      EV: 15    Int: 14    God:    Gozag
Gold:   1466       SH:  0    Dex: 14    Spells: 10/29 levels left

rFire   . . .      SeeInvis .      - Unarmed
rCold   + + +      Faith    .    (shield currently unavailable)
rNeg    . . .      Spirit   .    (body armour currently unavailable)
rPois   +          Reflect  .    (helmet currently unavailable)
rElec   .          Harm     .    (cloak currently unavailable)
rCorr   .          Rampage  .    (gloves currently unavailable)
Will    .....                    (boots currently unavailable)
Stlth   +.........               u - amulet of regeneration
HPRegen 1.16/turn                p - ring of protection from fire
MPRegen 0.18/turn                J - +4 ring of evasion

@: brilliant, ice-form, gold aura, hasted, studying Long Blades, very quick
A: freezing attack, boosted hp, large, (nimble swimmer 2), (mertail), clever 1,
(deformed body), low MP 1, strong 1, subdued magic 1
a: End Transformation, Renounce Religion, Potion Petition, Call Merchant, Bribe
Branch


You were on level 2 of the Lair of Beasts.
You worshipped Gozag.
Gozag was most pleased with you.
You were a creature of crystalline ice.
You visited 3 branches of the dungeon, and saw 13 of its levels.

You collected 2039 gold pieces.
You paid 573 gold pieces to Gozag.

Inventory:

Hand Weapons
 f - a +3 scimitar of flaming
 g - a +0 short sword
 L - a +3 falchion of flaming
Missiles
 c - 3 throwing nets
 d - 5 javelins
 h - 44 poisoned darts
 l - 12 boomerangs (quivered)
 O - a curare-tipped dart
Armour
 a - a +0 leather armour
 b - a +0 helmet
 i - a +0 chain mail
 m - a +0 ring mail
 q - a +0 cloak (melded)
 r - a +2 leather armour of fire resistance
 s - a +2 helmet (melded)
 t - +0 swamp dragon scales
 y - a +0 pair of gloves (melded)
 C - a scarf of shadows
 I - a +0 pair of boots (melded)
 K - the +1 ring mail of Generosity {rElec SInv}
   (You found it on level 6 of the Dungeon)

   rElec:     It insulates you from electricity.
   SInv:      It lets you see invisible.
 P - a +1 robe of cold resistance
 X - an orb of mayhem
 Y - the +1 leather armour "Ojoguun" (melded) {rElec Regen+}
   (You found it on level 2 of the Lair of Beasts)

   rElec:     It insulates you from electricity.
   Regen:     It increases your rate of health regeneration.
Jewellery
 p - a ring of protection from fire (left front paw)
 u - an amulet of regeneration (around neck)
 z - a ring of fire
 J - a +4 ring of evasion (right front paw)
Wands
 x - a wand of digging (5)
 A - a wand of light (3)
 M - a wand of flame (23)
 N - a wand of charming (4)
Scrolls
 j - 3 scrolls of teleportation
 k - 2 scrolls of magic mapping
 o - 6 scrolls of brand weapon
 v - 2 scrolls of immolation
 w - a scroll of enchant weapon
 B - 3 scrolls of identify
 D - 4 scrolls of blinking
 F - a scroll of amnesia {unknown}
 S - a scroll of poison {unknown}
 U - a scroll of butterflies
 V - a scroll of silence
 W - a scroll of summoning {unknown}
Potions
 e - 4 potions of curing
 n - 2 potions of heal wounds
 E - 2 potions of brilliance
 G - a potion of haste
 H - 2 potions of degeneration
 Q - a potion of might
 R - a potion of lignification {unknown}
 T - a potion of flight {unknown}


   Skills:
 - Level 4.0 Fighting
 - Level 6.4 Throwing
 - Level 2.0 Armour
 - Level 4.0 Dodging
 - Level 9.1 Unarmed Combat
 + Level 9.3 Spellcasting
 + Level 5.6 Conjurations
 - Level 5.0 Summonings
 - Level 6.0 Transmutations
 + Level 11.0 Ice Magic
 - Level 3.0 Air Magic


You had 10 spell levels left.
You knew the following spells:

 Your Spells              Type           Power      Damage    Failure   Level
a - Call Canine Familiar  Summ           23%        N/A       3%          3
b - Ozocubu's Armour      Ice            43%        N/A       1%          3
c - Summon Ice Beast      Ice/Summ       33%        N/A       3%          4
d - Ice Form              Ice/Tmut       35%        N/A       2%          4
e - Freezing Cloud        Conj/Ice/Air   14%        6-21      19%         5

Your spell library contained the following spells:

 Spells                   Type           Power      Damage    Failure   Level
 Freeze                   Ice            100%       1d10      1%          1
 Magic Dart               Conj           100%       1d8       1%          1
 Summon Small Mammal      Summ           92%        N/A       1%          1
 Searing Ray              Conj           50%        2d6       1%          2
 Wereblood                Tmut           26%        N/A       1%          2
 Frozen Ramparts          Ice            86%        1d13      1%          3
 Foxfire                  Conj/Fire      64%        2x1d7     2%          1
 Kiss of Death            Conj/Necr      64%        2d10      2%          1
 Dazzling Flash           Conj/Hex       32%        N/A       9%          3
 Sandblast                Erth           14%        2d6       10%         1
 Slow                     Hex            28%        N/A       10%         1
 Summon Guardian Golem    Hex/Summ       15%        N/A       10%         3
 Ignite Poison            Fire/Tmut/Pois 13%        N/A       13%         3
 Sublimation of Blood     Necr           7%         N/A       14%         2
 Kindle Blastsparks       Fire/Tloc/Air  20%        2d11      19%         3
 Confusing Touch          Hex            7%         N/A       30%         3
 Inner Flame              Hex/Fire       7%         N/A       30%         3
 Vampiric Draining        Necr           7%         2d6       30%         3
 Fulminant Prism          Conj/Hex       8%         3d7       30%         4
 Iskenderun's Mystic Bla  Conj/Tloc      16%        2d5       30%         4
 Yara's Violent Unravell  Hex/Tmut       8%         3d5       63%         5
 Ozocubu's Refrigeration  Ice            21%        4d12      67%         7
 Summon Forest            Summ/Tloc      7%         N/A       69%         5
 Dispel Undead            Necr           7%         3d8       71%         4
 Passage of Golubria      Tloc           7%         N/A       71%         4
 Silence                  Hex/Air        6%         N/A       83%         5
 Conjure Ball Lightning   Conj/Air       10%        3x3d7     95%         6
 Lee's Rapid Deconstruct  Erth           3%         3d5*      96%         5
 Eringya's Noxious Bog    Tmut/Pois      8%         N/A       99%         6
 Summon Hydra             Summ           11%        N/A       100%        7
 Discord                  Hex            3%         N/A       100%        8
 Disjunction              Tloc           3%         N/A       100%        8
 Lehudib's Crystal Spear  Conj/Erth      8%         10d3      100%        8


Dungeon Overview and Level Annotations

Branches:
Dungeon (10/15)            Temple (1/1) D:7            Lair (2/5) D:8
  Swamp: Lair:2-3    Shoals: Lair:2-3     Snake: Lair:2-3    Spider: Lair:2-3
    Orc: D:9-12

Altars:
Ashenzari
Cheibriados
Dithmenos
Elyvilon
Fedhas
Gozag
Hepliaklqana
Kikubaaqudgha
Makhleb
Nemelex Xobeh
Okawaru
Qazlal
Ru
Sif Muna
Trog
Uskayaw
Vehumet
Wu Jian
Xom
Yredelemnul
Zin
The Shining One

Shops:
D:10 (

Annotations:
D:3 Grinder
D:8 exclusion: ice statue


Innate Abilities, Weirdness & Mutations

You are a creature of crystalline ice.
You have a powerful freezing melee attack.
Your maximum health is increased.
Your armour is entirely melded.
You are incapable of wielding weapons or throwing items.
((You are very nimble when in or above water. (Stealth+, EV+, Speed+++)))
((Your lower body shifts to a powerful aquatic tail in water.))
Your mind is acute. (Int +4, Str/Dex -1)
((Armour fits poorly on your strangely shaped body.))
Your magical capacity is low. (-10% MP)
Your muscles are strong. (Str +4, Int/Dex -1)
Your spells are a little easier to cast, but a little less powerful.


Message History

You kill the elephant!
The elephant barely misses you. x4
Your Ice Magic skill increases to level 11!
Unknown command. [a] - 232 gold - heal wounds and curing [b] - 437 gold - haste, heal wounds and brilliance [c] - 392 gold - resistance and might Purchase which effect?
You feel yourself speed up.
You feel much better.
You feel clever all of a sudden. The elephant misses you.
The elephant trunk-slaps you. The elephant tramples you!
You hold your ground!
The elephant trunk-slaps you. The elephant misses you.
The elephant trunk-slaps you but does no damage.
You punch the elephant! You freeze the elephant.
The elephant is moderately wounded.
You hit the elephant but do no damage.
The elephant is moderately wounded.
The elephant tramples you.
You hold your ground!
The elephant trunk-slaps you but does no damage.
The elephant completely misses you. The elephant barely misses you.
The elephant misses you. The elephant barely misses you.
You pummel the elephant!! You freeze the elephant.
The elephant is severely wounded.
You hit the elephant. You freeze the elephant.
The elephant is almost dead.
The elephant tramples you!
You hold your ground!
The elephant trunk-slaps you but does no damage.
The elephant tramples you!
* * * LOW HITPOINT WARNING * * *
You stumble backwards!
The elephant tramples you.
* * * LOW HITPOINT WARNING * * *
You hold your ground!
The elephant barely misses you. The elephant tramples you!
* * * LOW HITPOINT WARNING * * *
You hold your ground!
The elephant trunk-slaps you but does no damage.
The elephant tramples you!
You die...
Your body crumbles into a pile of gold.

##### ###
##..#############Y#######
................YY.......
.....###.P#.....Y$.......
.....######.##....##P..#.
......#.....##..$.# ##.#
............##....# ..
.....#P......P....... .
...................#..Y
.....##.....#.....#.[..#
.....##.....##.!...###.#


You could see 3 elephants.

Vanquished Creatures
  Erica (D:9)
  2 two-headed ogres
  2 lindwurms (Lair:2)
  3 elephants (Lair:2)
  Joseph (D:8)
  A black mamba (Lair:2)
  Maggie (D:9)
  4 cane toads
  2 kobold demonologists (D:8)
  2 rime drakes
  4 komodo dragons
  A troll (D:10)
  Prince Ribbit (D:8)
  9 blink frogs (Lair:1)
  A hornet (D:9)
  Sigmund (D:4)
  20 yaks
  A vampire (D:9)
  6 wyverns
  A nameless horror (D:9)
  A basilisk (Lair:1)
  2 steam dragons
  3 vampire mosquitoes (D:8)
  7 water moccasins
  A black bear (Lair:2)
  An orc warrior (D:10)
  An ice beast (D:8)
  2 ogres
  3 wolves (Lair:1)
  2 centaurs
  4 kobold brigands
  8 bullfrogs
  2 scorpions
  8 wights (D:8)
  5 killer bees (D:10)
  4 electric eels (D:8)
  Crazy Yiuf (D:4)
  2 hounds
  2 jellies
  2 orc priests
  3 gnoll boudas
  6 iguanas
  10 orc wizards
  Robin (D:2)
  14 gnolls
  8 adders
  2 white imps
  3 ufetubi
  2 worms
  6 dart slugs
  15 orcs
  13 endoplasms
  5 giant cockroaches
  19 goblins
  11 hobgoblins
  9 jackals
  4 quokkas
  5 ball pythons
  6 bats
  2 frilled lizards
  13 kobolds
  8 rats
290 creatures vanquished.

Vanquished Creatures (collateral kills)
  A kobold (D:9)
1 creature vanquished.

Vanquished Creatures (others)
  4 kobolds (D:8)
  4 fungi
  45 plants
53 creatures vanquished.

Grand Total: 344 creatures vanquished

Notes
Turn   | Place    | Note
-------+----------+-------------------------------------------
     0 | D:1      | Hubris850 the Merfolk Gladiator began the quest for the
                  | Orb.
     0 | D:1      | Reached XP level 1. HP: 16/16 MP: 1/1
   108 | D:1      | Reached XP level 2. HP: 15/22 MP: 2/2
   461 | D:1      | Reached XP level 3. HP: 25/27 MP: 3/3
   959 | D:2      | Found a white marble altar of Elyvilon.
   959 | D:2      | You fall into a shaft and drop 1 floor!
  1093 | D:3      | Reached XP level 4. HP: 12/33 MP: 4/4
  1168 | D:3      | Noticed Grinder
  1187 | D:3      | Paralysed by Grinder for 2 turns
  1245 | D:2      | Reached skill level 1 in Armour
  1593 | D:2      | Noticed Robin
  1607 | D:2      | Killed Robin
  1608 | D:2      | Reached XP level 5. HP: 37/38 MP: 5/5
  2361 | D:3      | Found a burning altar of Makhleb.
  2515 | D:4      | Noticed Sigmund
  2551 | D:4      | Killed Sigmund
  2552 | D:4      | Reached skill level 5 in Unarmed Combat
  2552 | D:4      | Reached XP level 6. HP: 23/44 MP: 6/6
  2860 | D:4      | Noticed a water moccasin
  2862 | D:4      | Gained mutation: You have sharp fingernails. [potion of
                  | mutation]
  2862 | D:4      | Gained mutation: You have hidden genetic defects. [potion
                  | of mutation]
  2862 | D:4      | Gained mutation: Armour fits poorly on your strangely
                  | shaped body. [potion of mutation]
  2863 | D:4      | Lost mutation: You have sharp fingernails. [potion of
                  | mutation]
  2863 | D:4      | Lost mutation: Armour fits poorly on your strangely shaped
                  | body. [potion of mutation]
  2863 | D:4      | Gained mutation: Your body sometimes deteriorates upon
                  | taking damage. [potion of mutation]
  2863 | D:4      | Gained mutation: Your muscles are strong. (Str +4, Int/Dex
                  | -1) [potion of mutation]
  2878 | D:4      | Killed a water moccasin
  2879 | D:4      | Reached XP level 7. HP: 7/50 MP: 7/7
  2883 | D:4      | Gained mutation: Your spells are a little easier to cast,
                  | but a little less powerful. [hidden defects]
  2943 | D:4      | Reached skill level 5 in Throwing
  3175 | D:4      | Found a runed translucent door.
  3176 | D:4      | Noticed Crazy Yiuf
  3183 | D:4      | Killed Crazy Yiuf
  3187 | D:4      | Gained mutation: Your magical capacity is low. (-10% MP)
                  | [hidden defects]
  3187 | D:4      | Lost mutation: You have hidden genetic defects. [hidden
                  | defects expressed]
  3191 | D:4      | Lost mutation: Your body sometimes deteriorates upon taking
                  | damage. [potion of mutation]
  3191 | D:4      | Lost mutation: Your spells are a little easier to cast, but
                  | a little less powerful. [potion of mutation]
  3191 | D:4      | Gained mutation: Your spells are a little easier to cast,
                  | but a little less powerful. [potion of mutation]
  3191 | D:4      | Gained mutation: Your mind is acute. (Int +4, Str/Dex -1)
                  | [potion of mutation]
  3228 | D:5      | Entered Level 5 of the Dungeon
  4081 | D:6      | Reached XP level 8. HP: 48/56 MP: 7/7
  4769 | D:6      | Identified the +1 ring mail of Generosity {rElec SInv}
  4927 | D:6      | Learned a level 3 spell: Call Canine Familiar
  4931 | D:6      | Learned a level 3 spell: Ozocubu's Armour
  4991 | D:7      | Reached skill level 1 in Summonings
  4991 | D:7      | Reached skill level 1 in Ice Magic
  5005 | D:7      | Reached skill level 1 in Spellcasting
  5005 | D:7      | Reached XP level 9. HP: 55/65 MP: 9/9
  5009 | D:7      | Found a staircase to the Ecumenical Temple.
  5023 | Temple   | Entered the Ecumenical Temple
  5070 | Temple   | Became a worshipper of Gozag Ym Sagoz the Greedy
  5235 | D:7      | Found an ornate altar of the Wu Jian Council.
  5241 | D:7      | Reached skill level 2 in Ice Magic
  5536 | D:7      | Found an ancient bone altar of Kikubaaqudgha.
  5609 | D:7      | Found a shimmering blue altar of Sif Muna.
  5705 | D:7      | Got Sif Muna's Tome of the Ground
  5707 | D:7      | Got Sif Muna's Secrets of Conflagration
  5710 | D:7      | Got Sif Muna's Octavo of the Snowflakes
  5741 | D:7      | Found a glowing golden altar of the Shining One.
  6020 | D:8      | Noticed an ice statue
  6110 | D:8      | Found a snail-covered altar of Cheibriados.
  6176 | D:8      | Reached skill level 3 in Ice Magic
  6192 | D:8      | Found a staircase to the Lair.
  6278 | D:8      | Noticed Prince Ribbit
  6306 | D:8      | Reached skill level 4 in Ice Magic
  6325 | D:8      | Killed Prince Ribbit
  6494 | D:8      | Reached skill level 5 in Ice Magic
  6628 | D:8      | Reached XP level 10. HP: 71/71 MP: 14/14
  6694 | D:8      | Reached skill level 5 in Summonings
  6797 | D:8      | Noticed Joseph
  6844 | D:8      | Killed Joseph
  7082 | D:8      | Identified a scroll of acquirement
  7084 | D:8      | Acquired a book of Rime
  7091 | D:8      | Learned a level 4 spell: Summon Ice Beast
  7096 | D:8      | Learned a level 4 spell: Ice Form
  7173 | D:9      | Noticed a kobold demonologist
  7173 | D:9      | Noticed a kobold demonologist
  7192 | D:8      | Killed a kobold demonologist
  7193 | D:8      | Reached skill level 5 in Spellcasting
  7193 | D:8      | Reached skill level 1 in Transmutations
  7193 | D:8      | Reached skill level 6 in Ice Magic
  7278 | D:8      | Killed a kobold demonologist
  7404 | D:9      | Found a sacrificial altar of Ru.
  7414 | D:9      | Gained mutation: Armour fits poorly on your strangely
                  | shaped body. [mutagenic glow]
  7512 | D:9      | Noticed Erica
  7514 | D:9      | Noticed a two-headed ogre
  7522 | D:9      | Killed Erica
  7524 | D:9      | Killed a two-headed ogre
  7525 | D:9      | Reached skill level 7 in Ice Magic
  7542 | D:9      | Noticed Maggie
  7579 | D:9      | Killed Maggie
  7580 | D:9      | Reached skill level 5 in Transmutations
  7669 | D:9      | Found a hide-covered altar of Uskayaw.
  7803 | D:9      | Found an iron altar of Okawaru.
  7803 | D:9      | Found a glowing silver altar of Zin.
  7857 | D:9      | Got the Grimoire of Jinxing
  8026 | D:9      | Reached XP level 11. HP: 61/77 MP: 11/18
  8077 | D:9      | Learned a level 5 spell: Freezing Cloud
  8196 | D:10     | Entered Level 10 of the Dungeon
  8282 | D:10     | Reached skill level 8 in Ice Magic
  8291 | D:10     | Found Yxtuatit's Weapon Emporium.
  8386 | D:10     | Reached skill level 1 in Conjurations
  8386 | D:10     | Reached skill level 1 in Air Magic
  8580 | D:10     | Noticed a two-headed ogre
  8596 | D:10     | Killed a two-headed ogre
  9219 | Lair:1   | Entered Level 1 of the Lair of Beasts
  9261 | Lair:1   | Reached skill level 9 in Ice Magic
  9872 | Lair:1   | Reached XP level 12. HP: 83/83 MP: 13/21
 10164 | Lair:1   | Reached skill level 10 in Ice Magic
 10646 | Lair:2   | Reached skill level 5 in Conjurations
 10827 | Lair:2   | Identified the +1 leather armour "Ojoguun" {rElec Regen+}
 11115 | Lair:2   | Noticed a catoblepas
 11256 | Lair:2   | Reached skill level 11 in Ice Magic
 11261 | Lair:2   | Slain by an elephant

Illustrated notes

Levels and vault maps discovered:
D:1:      lemuel_arrival_behind_the_door_small, layout_loops_ring,
          nrook_campfire
D:2:      layout_rooms, serial_glass, glass_columns_a, glass_columns_b,
          basic_altar, minmay_misc_feat_columns, kennysheep_path_1, uniq_robin
D:3:      layout_loops_ring, lightli_temple_of_fire, uniq_grinder
D:4:      layout_basic, minmay_manual_monstrance, uniq_sigmund,
          uniq_crazy_yiuf_cottage
D:5:      layout_gridville
D:6:      layout_basic
D:7:      layout_loops_ring, mainiacjoe_overflow_concentric_impassable,
          tso_oasis_becter, nicolae_sif_muna_little_library,
          lemuel_crystal_altar, minmay_temple_entry_wispy, grunt_ministairs_13
D:8:      lemuel_ice_statue, layout_loops_corners, cheibrodos_worm_habitat,
          serial_bayou_ford_a, corexii_hall_statues_t, uniq_prince_ribbit1,
          uniq_joseph
D:9:      layout_roguey, nicolae_ru_great_annihilating_truth,
          nicolae_uskayaw_murder_on_the_dancefloor,
          chequers_temple_overflow_statue_of_worship, grunt_ministairs_14,
          solitary_fountain, uniq_maggie, uniq_erica
D:10:     layout_loops_ring, serial_shops, nicolae_shop_bloodbath_and_beyond
Temple:   nicolae_temple_ecumenical_triangle
Lair:1:   layout_gridlike, infiniplex_staircase_pool_2, grunt_megastairs_5
Lair:2:   cheibrodos_lair_overgrown_chateau, layout_regular_city,
          minmay_swamp_entry_worms, spider_nest_entry_web_field, uniq_fannar

Skill      XL: |  1  2  3  4  5  6  7  8  9 10 11 12 |
---------------+-------------------------------------+-----
Unarmed Combat | 4 5 6 8 9 |  9.1
Armour         | 1 2 |  2.0
Throwing       | 3 4 5 6 |  6.4
Fighting       | 4 |  4.0
Summonings     | 1 4 5 |  5.0
Ice Magic      | 1 5 7 9 11 | 11.0
Spellcasting   | 1 4 6 8 9 |  9.3
Transmutations | 5 6 |  6.0
Conjurations   | 3 5 |  5.6
Air Magic      | 3 |  3.0
Dodging        | |  4.0

Action                   |  1- 3 |  4- 6 |  7- 9 | 10-12 || total
-------------------------+-------+-------+-------+-------++-------
Melee: Unarmed           |   113 |   256 |   375 |   515 ||  1259
       Short sword       |    57 |       |       |       ||    57
       Punch             |     5 |     9 |    22 |     9 ||    45
       Tailslap          |       |       |       |     3 ||     3
Throw: Boomerang         |     1 |       |    12 |       ||    13
       Throwing net      |       |     4 |       |       ||     4
       Dart              |       |       |     6 |     1 ||     7
 Cast: Ice Form          |       |       |       |    28 ||    28
       Call Canine Famil |       |       |       |     4 ||     4
       Summon Ice Beast  |       |       |       |     2 ||     2
       Ozocubu's Armour  |       |       |       |     4 ||     4
       Freezing Cloud    |       |       |       |     3 ||     3
Invok: Potion Petition   |       |       |       |     1 ||     1
Evoke: Wand              |       |       |     1 |       ||     1
  Use: Potion            |       |     4 |     2 |     3 ||     9
       Scroll            |       |       |    14 |     5 ||    19
 Stab: Paralysed         |       |       |       |     2 ||     2
       Distracted        |       |       |       |     3 ||     3
Armor: Leather armour    |    20 |       |       |    54 ||    74
       Chain mail        |     4 |       |       |       ||     4
       Ring mail         |    22 |    85 |    70 |     8 ||   185
       Skin              |       |       |       |    67 ||    67
Dodge: Dodged            |   100 |   182 |   251 |   345 ||   878

Table legend: (Time is in decaauts)
 A = Elapsed time spent in this place.
 B = Non-inter-level travel time spent in this place.
 C = Inter-level travel time spent in this place.
 D = Time resting spent in this place.
 E = Time spent auto-exploring this place.
 F = Levels seen in this place.
 G = Mean time per level.
                   A        B        C        D        E       F      G
               +--------+--------+--------+--------+--------+-----+--------+
         Total |  11072 |  10718 |    354 |    980 |   6803 |  13 |  851.7 |
       Dungeon |   9018 |   8696 |    322 |    576 |   5808 |  10 |  901.8 |
        Temple |     52 |     47 |      5 |      0 |     18 |   1 |   52.0 |
          Lair |   2001 |   1974 |     27 |    404 |    976 |   2 | 1000.5 |
               +--------+--------+--------+--------+--------+-----+--------+

Top non-repeatable levels by time:
     D:8: 1334 daAuts
  Lair:1: 1140 daAuts
     D:9: 967 daAuts
     D:1: 956 daAuts
    D:10: 940 daAuts
     D:7: 880 daAuts
     D:6: 867 daAuts
  Lair:2: 861 daAuts
     D:5: 837 daAuts
     D:4: 795 daAuts
     D:3: 723 daAuts
     D:2: 716 daAuts
  Temple: 52 daAuts
